 Dungeon Crawl Stone Soup version 0.26-a0-665-gefeb406119 (webtiles) character file.

Game seed: 13746294658186204958

17129 Ijustatesigmund the Covert (level 12, -2/62 (63) HPs)
             Began as a Spriggan Delver on Oct 14, 2020.
             Was an Elder of Dithmenos.
             Slain by a skeletal warrior
             ... wielding a +0 battleaxe of freezing
             ... led by a skeletal warrior
              (24 damage)
             ... on level 11 of the Dungeon.
             The game lasted 00:44:52 (15875 turns).

Ijustatesigmund the Covert (Spriggan Delver)       Turns: 15875, Time: 00:44:52

HP:   -2/62 (63)    AC:  6    Str:  8      XL:     12   Next: 16%
MP:   0/20          EV: 30    Int: 15      God:    Dithmenos [****..]
Gold: 400           SH: 13    Dex: 24 (25) Spells: 11/11 levels left

rFire    + . .     SeeInvis +   a - +4 short sword
rCold    . . .     Faith    .   q - +1 buckler
rNeg     . . .     Spirit   +   b - +2 robe {rF+}
rPois    .         Reflect  .   (helmet restricted)
rElec    .         Harm     .   s - +1 cloak
rCorr    .         Rampage  .   (gloves unavailable)
MR       ++...                  (boots unavailable)
Stlth    +++++++++.             r - amulet of guardian spirit
HPRegen  0.20/turn              d - +4 ring of slaying
MPRegen  0.17/turn              m - +6 ring of dexterity

@: wreathed by umbra, very quick
A: very small, unfitting armour, antennae 1, large bone plates 1, see invisible,
deterioration 1, speed 3
a: Shadow Step, Renounce Religion


You were on level 11 of the Dungeon.
You worshipped Dithmenos.
Dithmenos was greatly pleased with you.
You visited 2 branches of the dungeon, and saw 14 of its levels.
You also visited: Ossuary.

You collected 798 gold pieces.
You spent 398 gold pieces at shops.

Inventory:

Hand Weapons
 a - a +4 short sword (weapon)
 B - the +5 shortbow of Uffefi Gagh {freeze, Str+2}
   (You found it on level 8 of the Dungeon)

   It causes projectiles fired from it to freeze those they strike, causing
   extra injury to most foes and up to half again as much damage against
   particularly susceptible opponents.
   They can also slow down cold-blooded creatures.
   It affects your strength (+2).
Missiles
 i - 57 poisoned darts (quivered)
Armour
 b - a +2 robe of fire resistance (worn)
 q - a +1 buckler (worn)
 s - a +1 cloak (worn)
Jewellery
 d - a +4 ring of slaying (left hand)
 m - a +6 ring of dexterity (right hand)
 r - an amulet of guardian spirit (around neck)
 u - the ring of Vanor {Fire rN+ Str+2}
   (You found it on level 11 of the Dungeon)

   [ring of fire]

   It enhances your fire magic.
   It affects your strength (+2).
   It protects you from fire.
   It makes you vulnerable to cold.
   It protects you from negative energy.
 w - a +6 ring of strength
 C - an uncursed ring of wizardry
Wands
 g - a wand of digging (3)
 v - a wand of iceblast (3)
 E - a wand of polymorph (13)
 G - a wand of flame (37)
 J - a wand of acid (6)
 L - a wand of random effects (40)
Scrolls
 c - 4 scrolls of fog
 e - 5 scrolls of fear
 h - 6 scrolls of teleportation
 k - 2 scrolls of blinking
 l - 7 scrolls of remove curse
 x - 2 scrolls of amnesia
 y - 6 scrolls of identify
 D - a scroll of enchant weapon
 F - a scroll of enchant armour
 I - 2 scrolls of summoning
Potions
 f - 3 potions of haste
 j - a potion of lignification
 n - 3 potions of heal wounds
 o - 3 potions of magic
 p - a potion of brilliance
 t - 6 potions of curing
 z - 2 potions of flight
 A - 2 potions of might


   Skills:
 + Level 7.1 Fighting
 + Level 9.4 Short Blades
 - Level 3.5 Throwing
 + Level 11.4 Dodging
 + Level 14.0 Stealth
 + Level 3.7 Shields
 - Level 9.5 Invocations
 - Level 4.5 Evocations


You had 11 spell levels left.
You didn't know any spells.
Your spell library was empty.

Dungeon Overview and Level Annotations

Branches:
Dungeon (13/15)            Temple (1/1) D:7            Lair (0/6) D:8
    Orc (0/2) D:9         Ossuary (visited)
 Vaults: D:13-14

Altars:
Ashenzari
Cheibriados
Dithmenos
Elyvilon
Fedhas
Gozag
Hepliaklqana
Kikubaaqudgha
Makhleb
Nemelex Xobeh
Okawaru
Qazlal
Ru
Sif Muna
Trog
Uskayaw
Vehumet
Wu Jian
Xom
Yredelemnul
Zin
The Shining One

Shops:
D:4 *   D:9 [   D:11 }

Annotations:
D:11 Beroc's ghost, journeyman TrDe


Innate Abilities, Weirdness & Mutations

You are very small and have problems with some larger weapons.
You are too small for most types of armour.
You have supernaturally acute eyesight. (SInv)
You cover ground extremely quickly.
You have a pair of small antennae on your head.
You are partially covered in large bone plates. (SH +4)
Your body sometimes deteriorates upon taking damage.


Message History

Your shadow barely misses the skeletal warrior.
You hit the skeletal warrior.
The skeletal warrior is moderately damaged.
The skeletal warrior barely misses you.
You hit the skeletal warrior but do no damage.
The skeletal warrior is moderately damaged.
You barely miss the skeletal warrior.
The skeletal warrior is moderately damaged.
The skeletal warrior hits you with a +0 battleaxe of freezing!
The skeletal warrior freezes you!
You are too injured to fight recklessly!
You are too injured to fight recklessly!
You are too injured to fight recklessly!
You are too injured to fight recklessly!
You are too injured to fight recklessly!
You climb upwards.
Level annotation: Beroc's ghost, journeyman TrDe
There is a stone staircase leading down here.
The skeletal warrior hits you with a +0 battleaxe of freezing!!
You die...

.........##......#
.................#
...##......Y.....#
#####
#..####..........##
#...## #...#
###.........#
#....# ....#
##........# #....##
.#..# ###.....###
#.>...# ....##
###.>z..###.....#
..#..#
##.@...##....##
.##..#
##..........#
####.##
###........# #..#
##......## ## #..#
##.....# .####.##
###...## .#∩##..#
##...# .#'###.##
##.##
...###..#########
###


You could see a skeletal warrior and an ice beast (wandering).

Vanquished Creatures
  A hydra (D:13)
  A two-headed ogre (D:12)
  An unseen horror (D:13)
  Pikel (D:4)
  An ugly thing (D:12)
  2 centaur zombies
  A gargoyle (D:11)
  2 komodo dragons
  2 trolls (D:12)
  Prince Ribbit (D:7)
  Sigmund (D:4)
  3 wyverns
  19 yaks
  A hog (shapeshifter) (D:12)
  Grum (D:8)
  A basilisk (D:10)
  2 vampire mosquitoes (D:12)
  A soldier ant (D:12)
  3 water moccasins
  Duvessa (D:5)
  2 orc warriors
  4 sky beasts
  5 ogres
  7 black bears
  9 necrophages
  3 ice beasts
  2 phantoms
  3 wolves (D:8)
  11 centaurs
  A lemure (D:4)
  8 bullfrogs
  4 elf zombies (Ossuary)
  A gnoll sergeant (D:9)
  A wyvern zombie (D:13)
  A wyvern skeleton (D:13)
  Dowan (D:5)
  A scorpion (D:10)
  A water moccasin skeleton (D:8)
  6 killer bees (D:9)
  5 howler monkeys
  4 wights (D:7)
  5 bullfrog zombies
  5 jellies
  10 orc priests
  7 hounds
  A bullfrog skeleton (D:6)
  7 orc wizards
  Crazy Yiuf (D:4)
  6 centaur skeletons
  3 iguanas
  10 worker ants
  A killer bee zombie (D:7)
  A big kobold zombie (Ossuary)
  6 mummies
  A worker ant zombie (D:7)
  A howler monkey zombie (D:7)
  5 gnolls
  A howler monkey skeleton (D:6)
  11 adders
  A shadow imp (D:7)
  4 ufetubi
  An adder skeleton (D:4)
  4 adder zombies
  A worm (D:3)
  4 dart slugs
  8 leopard geckos
  35 orcs
  4 giant cockroaches
  A goblin (D:2)
  9 hobgoblins
  12 jackals
  6 quokkas
  A ball python (D:3)
  A ball python skeleton (D:2)
  7 bats
  4 frilled lizards
  A goblin zombie (Ossuary)
  A hobgoblin zombie (Ossuary)
  A jackal skeleton (D:7)
  2 jackal zombies
  8 kobolds
  A kobold zombie (Ossuary)
  An orc zombie (Ossuary)
  7 rats
333 creatures vanquished.

Vanquished Creatures (others)
  33 fungi
  38 plants
  4 withered plants (D:7)
75 creatures vanquished.

Grand Total: 408 creatures vanquished

Notes
Turn   | Place    | Note
-------+----------+-------------------------------------------
     0 | D:5      | Ijustatesigmund the Spriggan Delver began the quest for the
                  | Orb.
     0 | D:5      | Reached XP level 1. HP: 11/11 MP: 2/2
    18 | D:4      | Noticed a worker ant
    25 | D:4      | Killed a worker ant
    25 | D:4      | Reached XP level 2. HP: 16/16 MP: 3/3
    37 | D:4      | Reached skill level 8 in Stealth
    37 | D:4      | Reached XP level 3. HP: 19/19 MP: 4/4
   228 | D:2      | Reached XP level 4. HP: 23/23 MP: 5/5
   716 | D:2      | Found a snail-covered altar of Cheibriados.
  2092 | D:3      | Reached skill level 9 in Stealth
  2314 | D:3      | Reached XP level 5. HP: 21/27 MP: 4/6
  2818 | D:4      | Found Ytwionuzidgh's Assorted Antiques.
  2824 | D:4      | Bought an iron wand for 92 gold pieces
  2824 | D:4      | Bought a scroll of identify for 46 gold pieces
  2974 | D:4      | Noticed a lemure
  2974 | D:4      | Noticed a lemure
  2974 | D:4      | Noticed an ogre
  2975 | D:4      | Noticed Pikel
  2975 | D:4      | Noticed a lemure
  2979 | D:4      | Noticed a lemure
  3014 | D:4      | Killed a lemure
  3015 | D:4      | Killed Pikel
  3015 | D:4      | Reached skill level 11 in Stealth
  3015 | D:4      | Reached XP level 6. HP: 11/32 MP: 5/7
  3015 | D:4      | Reached XP level 7. HP: 12/35 MP: 5/8
  3319 | D:4      | Noticed Sigmund
  3323 | D:4      | Killed Sigmund
  3323 | D:4      | Reached skill level 12 in Stealth
  3543 | D:4      | Found a runed translucent door.
  3544 | D:4      | Noticed Crazy Yiuf
  3570 | D:4      | Killed Crazy Yiuf
  3873 | D:5      | Reached XP level 8. HP: 39/39 MP: 9/9
  4034 | D:5      | Reached skill level 1 in Throwing
  4255 | D:5      | Noticed Dowan
  4257 | D:5      | Noticed Duvessa
  4258 | D:5      | Killed Dowan
  4313 | D:5      | Killed Duvessa
  4808 | D:6      | Reached skill level 5 in Dodging
  5486 | D:7      | Found a burning altar of Makhleb.
  5556 | D:6      | Got a warped arbalest
  5557 | D:6      | Identified the cursed +1 arbalest of Sisuofoa {elec, rF+}
                  | (You found it on level 6 of the Dungeon)
  5593 | D:6      | Reached skill level 1 in Evocations
  5697 | D:6      | Reached XP level 9. HP: 45/45 MP: 10/10
  6411 | D:7      | Found a staircase to the Ecumenical Temple.
  6420 | Temple   | Entered the Ecumenical Temple
  6529 | Temple   | Became a worshipper of Dithmenos the Shadowed
  6622 | D:7      | Reached skill level 1 in Invocations
  6833 | D:7      | Noticed Prince Ribbit
  6836 | D:7      | Killed Prince Ribbit
  6875 | D:7      | Reached skill level 5 in Fighting
  7368 | D:7      | Gained mutation: Your body sometimes deteriorates upon
                  | taking damage. [potion of mutation]
  7368 | D:7      | Gained mutation: You have a pair of small antennae on your
                  | head. [potion of mutation]
  7368 | D:7      | Gained mutation: You are partially covered in large bone
                  | plates. (SH +4) [potion of mutation]
  8230 | D:8      | Found a sand-covered staircase.
  8238 | Ossuary  | Entered an ossuary
  8245 | Ossuary  | Reached XP level 10. HP: 52/52 MP: 14/14
  8271 | Ossuary  | Reached * piety under Dithmenos
  8676 | Ossuary  | Identified a scroll of acquirement
  8676 | Ossuary  | Acquired a +4 ring of slaying
  8805 | D:8      | Reached skill level 1 in Shields
  8951 | D:8      | Noticed Grum
  8982 | D:8      | Reached skill level 5 in Invocations
  8997 | D:8      | Killed Grum
  9028 | D:8      | Reached ** piety under Dithmenos
  9191 | D:8      | Found a white marble altar of Elyvilon.
  9233 | D:8      | Found a staircase to the Lair.
  9387 | D:8      | Got a translucent shortbow
  9393 | D:8      | Identified the +5 shortbow of Uffefi Gagh {freeze, Str+2}
                  | (You found it on level 8 of the Dungeon)
  9524 | D:8      | Found a hazy altar of Hepliaklqana.
  9785 | D:8      | Found a basalt altar of Yredelemnul.
 10308 | D:9      | Found Pimeqaig's Antique Armour Shop.
 10991 | D:9      | Found a radiant altar of Vehumet.
 11275 | D:9      | Reached XP level 11. HP: 43/55 MP: 15/18
 11403 | D:9      | Reached *** piety under Dithmenos
 11432 | D:9      | Found a staircase to the Orcish Mines.
 11580 | D:10     | Entered Level 10 of the Dungeon
 12642 | D:11     | Reached skill level 10 in Dodging
 12744 | D:11     | Found a runed translucent gate.
 12744 | D:11     | Found a runed translucent gate.
 12744 | D:11     | Found a runed translucent gate.
 12762 | D:11     | Found Yfacut's Gadget Shop.
 12765 | D:11     | Bought a wand of acid (6) for 260 gold pieces
 12779 | D:11     | Noticed Beroc's ghost (journeyman TrDe)
 13719 | D:11     | Got the ring of Vanor {Fire}
 13775 | D:12     | Reached skill level 13 in Stealth
 14166 | D:12     | Reached **** piety under Dithmenos
 14557 | D:12     | Noticed a two-headed ogre
 14564 | D:12     | Killed a two-headed ogre
 14854 | D:13     | Noticed an eight-headed hydra
 14855 | D:13     | Noticed a red ugly thing
 14856 | D:13     | Killed an eight-headed hydra
 15145 | D:12     | Killed a red ugly thing
 15145 | D:12     | Reached XP level 12. HP: 40/61 MP: 12/20
 15316 | D:13     | Reached skill level 14 in Stealth
 15875 | D:11     | Slain by a skeletal warrior

Illustrated notes

Levels and vault maps discovered:
D:1:      minmay_arrival_four_houses, layout_basic,
          chequers_serial_rivers_large_a, minmay_tetromino_s2
D:2:      layout_loops_ring, cheibriados_altar_1
D:3:      layout_basic
D:4:      layout_rooms, serial_shops, nicolae_shop_crystal,
          uniq_crazy_yiuf_cottage, uniq_sigmund, uniq_pikel
D:5:      layout_basic, uniq_duvessa
D:6:      layout_gridville, minmay_diced_spiral
D:7:      layout_gridville, nicolae_overflow_crystal_walls,
          minmay_temple_entry_antechambers, serial_undead, serial_undead_f,
          serial_undead_d, serial_undead_e, serial_undead_c, serial_undead_f,
          serial_undead_c, serial_undead_d, serial_undead_e, serial_undead_f,
          serial_undead_b, uniq_prince_ribbit1
D:8:      layout_basic, kennysheep_ying_yang, kennysheep_little_box,
          due_lair_maze_entry_diamond, lightli_ossuary_entry_decrepit_ruins,
          uniq_grum
D:9:      layout_rooms, lemuel_round_altar, orc_0_dummy, serial_shops,
          shop_coins
D:10:     layout_long_grid, minmay_lizard_king
D:11:     layout_cave_pods, serial_shops, kennysheep_mini, gammafunk_ghost_icy,
          gauntlet_entry_generic, minmay_statues_item, nicolae_zen_rock_garden,
          minmay_misc_feat_chi, kennysheep_generic_room_10
D:12:     layout_loops_ring
D:13:     layout_gridville, grunt_vaults_entry_fortified, fedhas_altar_3,
          uniq_kirke
Temple:   compressed_dpeg_circular_temple

Skill      XL: |  1  2  3  4  5  6  7  8  9 10 11 12 |
---------------+-------------------------------------+-----
Short Blades   | 3 4 6 7 8 9 |  9.4
Stealth        | 8 9 11 12 13 14 | 14.0
Throwing       | 3 |  3.5
Fighting       | 4 5 6 7 |  7.1
Dodging        | 6 9 11 | 11.4
Evocations     | 1 3 4 |  4.5
Invocations    | 4 8 9 |  9.5
Shields        | 1 3 |  3.7

Action                   |  1- 3 |  4- 6 |  7- 9 | 10-12 || total
-------------------------+-------+-------+-------+-------++-------
Melee: Short sword       |    18 |   241 |   474 |  1113 ||  1846
Throw: Dart              |       |     5 |    39 |    24 ||    68
Invok: Shadow Step       |       |       |       |     2 ||     2
Evoke: Wand              |       |     2 |     3 |       ||     5
  Use: Scroll            |     1 |    10 |    10 |     9 ||    30
       Potion            |       |     1 |     5 |     1 ||     7
 Stab: Sleeping          |    10 |    12 |    35 |    41 ||    98
       Distracted        |       |       |     1 |     4 ||     5
       Invisible         |       |       |       |     1 ||     1
Armor: Robe              |     3 |    27 |    28 |    31 ||    89
Dodge: Dodged            |     4 |   207 |   338 |   712 ||  1261
Block: Buckler           |       |       |    20 |   587 ||   607

Table legend: (Time is in decaauts)
 A = Elapsed time spent in this place.
 B = Non-inter-level travel time spent in this place.
 C = Inter-level travel time spent in this place.
 D = Time resting spent in this place.
 E = Time spent auto-exploring this place.
 F = Levels seen in this place.
 G = Mean time per level.
                   A        B        C        D        E       F      G
               +--------+--------+--------+--------+--------+-----+--------+
         Total |  12102 |  11864 |    238 |   3764 |   5367 |  15 |  806.8 |
       Dungeon |  11669 |  11435 |    234 |   3649 |   5223 |  13 |  897.6 |
        Temple |     70 |     66 |      4 |      0 |     57 |   1 |   70.0 |
       Ossuary |    362 |    362 |      0 |    115 |     86 |   1 |  362.0 |
               +--------+--------+--------+--------+--------+-----+--------+

Top non-repeatable levels by time:
     D:7: 1696 daAuts
    D:12: 1262 daAuts
     D:8: 1144 daAuts
     D:9: 1112 daAuts
    D:11: 1109 daAuts
     D:6: 1008 daAuts
     D:2: 946 daAuts
     D:4: 822 daAuts
     D:5: 733 daAuts
    D:10: 726 daAuts
     D:1: 626 daAuts
     D:3: 393 daAuts
 Ossuary: 362 daAuts
    D:13: 88 daAuts
  Temple: 70 daAuts
